 Dungeon Crawl Stone Soup version 0.30.1-9-gdf580d7c3d (webtiles) character file.

Game seed: 3165700772253495420

16611 Cauliflower the Nimble (level 12, -1/97 HPs)
             Began as a Merfolk Transmuter on Oct 23, 2023.
             Was an Elder of Wu Jian.
             Slain by an ice devil (9 damage)
             ... in an ice cave.
             The game lasted 00:38:41 (10540 turns).

Cauliflower the Nimble (Merfolk Transmuter)        Turns: 10540, Time: 00:38:42

Health: -1/97      AC: 16    Str: 12    XL:     12   Next: 39%
Magic:  15/19      EV: 18    Int: 22    God:    Wu Jian [****..]
Gold:   355        SH:  0    Dex: 14    Spells: 9/21 levels left

rFire   + . .        b - +1 sling of Ephojam {elec, rF+ Stlth+}
rCold   . . .        C - orb "Edofal" {*channel, -Tele rPois Regen+}
rNeg    . . .        S - +2 steam dragon scales
rPois   +            (no helmet)
rElec   .            E - +0 cloak
rCorr   .            D - +0 pair of gloves
SInv    .            X - +2 pair of boots
Will    .....        p - amulet of regeneration
Stlth   +++++        I - +4 ring of protection
HPRegen 1.96/turn    P - +6 ring of intelligence
MPRegen 0.16/turn

%: no teleportation, channel magic (20%)
@: slightly contaminated
A: (nimble swimmer 2), mertail
a: Renounce Religion, Wall Jump, Serpent's Lash


You were in an ice cave.
You worshipped Wu Jian.
Wu Jian was greatly pleased with you.
You visited 2 branches of the dungeon, and saw 10 of its levels.
You also visited: Ice Cave.

You collected 631 gold pieces.
You spent 276 gold pieces at shops.

Inventory:

Hand Weapons
 a - a +2 falchion of electrocution
 b - the +1 sling of Ephojam (weapon) {elec, rF+ Stlth+}
   (You found it on level 9 of the Dungeon)

   rF:        It protects you from fire.
   Stlth:     It makes you more stealthy.
Missiles
 f - 50 stones
 v - 18 poisoned darts
 F - 3 boomerangs
 L - a curare-tipped dart
Armour
 A - a +0 robe of willpower
 C - the orb "Edofal" (worn) {*channel, -Tele rPois Regen+}
   (You took it off a wight on level 7 of the Dungeon)

   rPois:     It protects you from poison.
   -Tele:     It prevents most forms of teleportation.
   Regen:     It increases your rate of health regeneration.
 D - a +0 pair of gloves (worn)
 E - a +0 cloak (worn)
 G - a +0 leather armour
 N - a +0 buckler
 S - +2 steam dragon scales (worn)
 X - a +2 pair of boots (worn)
 Z - a +1 leather armour of fire resistance
Magical Staves
 w - the staff of poison "Olior" {rElec rPois rF++ Dex-2}
   (You found it on level 7 of the Dungeon)

   [staff of poison]

   Base accuracy: +5 Base damage: 5 Base attack delay: 1.2 This weapon's minimum
   attack delay (0.6) is reached at skill level 12.
   Dex:       It affects your dexterity (-2).
   rF:        It greatly protects you from fire.
   rElec:     It insulates you from electricity.
   rPois:     It protects you from poison.
   It falls into the 'Staves' category.
   It is a one-handed weapon.
 x - a staff of earth
Jewellery
 c - the ring "Pyli" {Wiz rElec Stlth+}
   (You found it on level 7 of the Dungeon)

   [ring of wizardry]

   It improves your spell success rate.
   rElec:     It insulates you from electricity.
   Stlth:     It makes you more stealthy.
 p - an amulet of regeneration (around neck)
 t - a ring of fire
 I - a +4 ring of protection (left hand)
 J - a ring of see invisible
 O - a ring of magical power
 P - a +6 ring of intelligence (right hand)
Wands
 z - a wand of roots (22)
 H - a wand of polymorph (11)
 K - a wand of acid (8)
Scrolls
 h - 2 scrolls of poison
 i - 4 scrolls of teleportation
 l - a scroll of fog {unknown}
 n - 4 scrolls of blinking
 o - 3 scrolls of torment {unknown}
 r - a scroll of vulnerability {unknown}
 s - 2 scrolls of brand weapon
 u - 2 scrolls of enchant weapon {unknown}
 y - 4 scrolls of fear
 M - a scroll of identify
 Q - a scroll of amnesia {unknown}
Potions
 d - 3 potions of brilliance
 e - 6 potions of curing
 g - 3 potions of haste
 j - 2 potions of resistance
 k - 4 potions of flight
 m - 2 potions of heal wounds
 q - 2 potions of might
 B - 4 potions of lignification


   Skills:
 - Level 10.0 Fighting
 - Level 4.0 Long Blades
 - Level 2.0 Ranged Weapons
 - Level 2.0 Armour
 - Level 12.0 Dodging
 - Level 10.0 Stealth
 - Level 10.0 Unarmed Combat
 + Level 5.2 Spellcasting
 + Level 6.6 Transmutations
 - Level 1.0 Ice Magic
 - Level 1.0 Poison Magic
 + Level 3.8 Evocations


You had 9 spell levels left.
You knew the following spells:

 Your Spells              Type           Power      Damage    Failure   Level
a - Beastly Appendage     Tmut           70%        N/A       4%          1
b - Wereblood             Tmut           35%        N/A       5%          2
c - Spider Form           Tmut/Pois      22%        N/A       17%         3
d - Ice Form              Ice/Tmut       22%        N/A       41%         4
e - Scorch                Fire           10%        2d5       34%         2

Your spell library contained the following spells:

 Spells                   Type           Power      Damage    Failure   Level
 Foxfire                  Conj/Fire      20%        2x1d5     24%         1
 Ensorcelled Hibernation  Hex/Ice        14%        N/A       28%         2
 Anguish                  Hex/Necr       2%         N/A       86%         4
 Cause Fear               Hex            2%         N/A       86%         4
 Flame Wave               Conj/Fire      5%         2d5       86%         4
 Sticky Flame             Conj/Fire      5%         2d3       86%         4
 Summon Lightning Spire   Summ/Air       5%         N/A       86%         4
 Fireball                 Conj/Fire      2%         3d4       99%         5
 Summon Cactus Giant      Summ           2%         N/A       100%        6
 Enfeeble                 Hex            2%         N/A       100%        7


Dungeon Overview and Level Annotations

Branches:
Dungeon (9/15)             Temple (0/1) D:7            Lair (1/5) D:8
  IceCv (1/1)
    Orc: D:9-12

Altars:
Ashenzari
Dithmenos
Elyvilon
Gozag
Hepliaklqana
Makhleb
Nemelex Xobeh
Qazlal
Vehumet
Wu Jian
Yredelemnul
Zin
Lugonu

Shops:
D:4 ?

Portals:
Abyss: Lair:1


Innate Abilities, Weirdness & Mutations

((You are very nimble when in or above water. (Stealth+, EV+, Speed+++)))
Your lower body shifts to a powerful aquatic tail in water.


Message History

The Council accepts your kill.
Your magical contamination has completely faded away.
Unknown command.
You barely miss the ice devil. The ice devil misses you.
You hit the ice devil.
The ice devil is lightly wounded.
The ice devil hits you.
* * * LOW HITPOINT WARNING * * *
The ice devil freezes you. You resist.
* * * LOW HITPOINT WARNING * * *
Casting: Scorch (safe; 16% risk of failure)
Confirm with . or Enter, or press ? or * to list all spells.
Flames lash the ice devil but do no damage.
The ice devil hits you.
* * * LOW HITPOINT WARNING * * *
The ice devil freezes you. You resist.
* * * LOW HITPOINT WARNING * * *
You warm up again.
The +1 sling of Ephojam {elec, rF+ Stlth+} unmelds from your body.
Your +0 cloak unmelds from your body.
Your +0 pair of gloves unmelds from your body.
Your +2 pair of boots unmelds from your body.
The orb "Edofal" {*channel, -Tele rPois Regen+} unmelds from your body.
Your +2 steam dragon scales unmelds from your body.
You hear the crackle of electricity.
Casting: Scorch (dangerous; 34% risk of failure)
Confirm with . or Enter, or press ? or * to list all spells.
You miscast Ice Form.
You are very lightly contaminated with residual magic.
Nothing appears to happen.
Magical energy flows into your mind! The ice devil barely misses you.
Unknown command.
Casting: Ice Form (dangerous; 41% risk of failure)
Confirm with . or Enter, or press ? or * to list all spells.
You miscast Ice Form.
You feel a strange surge of energy.
You are lightly contaminated with residual magic.
Magical energy flows into your mind! The ice devil hits you!
* * * LOW HITPOINT WARNING * * *
The ice devil freezes you!
You die...

### ..# #####+#####
.#### #.#.#.#.#.#
.#.⌠# ###'#'#.#'#'#
.#W!+ #.'.........#
.########.8.8.8.8.# #
...#..............#.#
...'..............'.#
...#...........4@.#.#
.########.8.8.8.8.#.#
.#4[ #.'.........# .
.#4⌠ ###'#'#.#'#'# 8#
.## #.#.#.#.#.# # ..#
#####'##### ### .. #
##


You could see an ice devil.

Vanquished Creatures
  2 two-headed ogres (D:7)
  A boulder beetle (D:7)
  Pikel (D:6)
  An ugly thing (D:7)
  2 ice statues (IceCv)
  3 rime drakes (Lair:1)
  3 anaconda simulacra (IceCv)
  2 ice devils (IceCv)
  2 komodo dragons (Lair:1)
  A troll (D:7)
  Grinder (D:6)
  9 blink frogs (Lair:1)
  Sigmund (D:6)
  A vampire (D:7)
  2 wraiths
  4 wyverns (D:8)
  2 dire elephant simulacra (IceCv)
  A basilisk (D:7)
  4 steam dragons
  14 yaks
  2 harpy simulacra (IceCv)
  5 water moccasins
  3 hydra simulacra (IceCv)
  An acid dragon (D:7)
  2 orc warriors (D:7)
  A sky beast (D:7)
  4 black bears
  3 ice beasts
  A centaur (D:8)
  An ogre (D:4)
  A phantom (D:5)
  A kobold brigand (D:9)
  A gnoll sergeant (D:9)
  4 scorpions
  5 bullfrogs
  14 wights
  3 killer bees (D:9)
  3 howler monkeys
  2 hounds
  2 orc priests
  Crazy Yiuf (D:6)
  A jelly (D:5)
  3 iguanas
  Natasha (thrice) (D:2)
  3 orc wizards
  2 sleepcaps
  2 troll simulacra (IceCv)
  3 gnolls (D:9)
  4 adders
  3 white imps
  An ufetubus (IceCv)
  A worm (D:5)
  2 dart slugs
  12 orcs
  3 endoplasms
  2 giant cockroaches (D:2)
  5 goblins
  4 hobgoblins
  6 jackals
  11 kobolds
  3 quokkas
  6 ball pythons
  7 bats
  2 frilled lizards (D:1)
  7 rats
213 creatures vanquished.

Vanquished Creatures (others)
  A lurking horror (Lair:1)
1 creature vanquished.

Grand Total: 214 creatures vanquished

Notes
Turn   | Place    | Note
-------+----------+-------------------------------------------
     0 | D:1      | Cauliflower the Merfolk Transmuter began the quest for the
                  | Orb.
     0 | D:1      | Reached XP level 1. HP: 15/15 MP: 3/3
   179 | D:1      | Reached skill level 3 in Dodging
   185 | D:1      | Reached skill level 1 in Stealth
   185 | D:1      | Reached XP level 2. HP: 21/21 MP: 3/5
   195 | D:1      | Learned a level 2 spell: Wereblood
   962 | D:2      | Reached XP level 3. HP: 26/26 MP: 6/6
   966 | D:2      | Learned a level 3 spell: Spider Form
   986 | D:2      | Found a faded altar of an unknown god.
  1352 | D:2      | Noticed Natasha
  1357 | D:2      | Killed Natasha
  1358 | D:2      | Reached skill level 1 in Poison Magic
  1358 | D:2      | Reached XP level 4. HP: 27/32 MP: 7/7
  2654 | D:3      | Found an ornate altar of the Wu Jian Council.
  2670 | D:3      | Became a worshipper of the Wu Jian Council
  2825 | D:3      | Reached skill level 4 in Dodging
  3028 | D:3      | Found a shadowy altar of Dithmenos.
  3189 | D:2      | Noticed Natasha
  3196 | D:2      | Killed Natasha
  3197 | D:2      | Reached XP level 5. HP: 31/37 MP: 8/8
  3407 | D:2      | Noticed Natasha
  3413 | D:2      | Killed Natasha
  3905 | D:4      | Found a radiant altar of Vehumet.
  3991 | D:4      | Found a burning altar of Makhleb.
  4068 | D:4      | Found Used's Magic Scroll Emporium.
  4072 | D:4      | Bought a scroll of blinking for 90 gold pieces
  4072 | D:4      | Bought a scroll of identify for 24 gold pieces
  4072 | D:4      | Bought a scroll of identify for 24 gold pieces
  4072 | D:4      | Bought a scroll of fear for 48 gold pieces
  4127 | D:4      | Noticed an ogre
  4139 | D:4      | Killed an ogre
  4140 | D:4      | Reached skill level 5 in Transmutations
  4140 | D:4      | Reached XP level 6. HP: 19/44 MP: 11/11
  4145 | D:4      | Learned a level 4 spell: Ice Form
  4280 | D:4      | Found an opulent altar of Gozag.
  4420 | D:4      | Bought a scroll of magic mapping for 90 gold pieces
  4423 | D:5      | Entered Level 5 of the Dungeon
  4521 | D:5      | Found a white marble altar of Elyvilon.
  4537 | D:5      | Reached skill level 1 in Ice Magic
  4567 | D:5      | Reached XP level 7. HP: 48/51 MP: 13/13
  4799 | D:5      | Found a hazy altar of Hepliaklqana.
  5223 | D:5      | Reached skill level 5 in Dodging
  5465 | D:5      | Reached XP level 8. HP: 60/60 MP: 14/14
  5544 | D:5      | Found a glowing silver altar of Zin.
  5546 | D:5      | Found a broken altar of Ashenzari.
  5577 | D:5      | Reached * piety under Wu Jian
  5652 | D:5      | Reached skill level 6 in Dodging
  5728 | D:6      | Noticed Grinder
  5749 | D:6      | Killed Grinder
  5909 | D:6      | Learned a level 2 spell: Scorch
  5966 | D:6      | Noticed Sigmund
  6070 | D:6      | Killed Sigmund
  6300 | D:6      | Reached skill level 7 in Dodging
  6300 | D:6      | Reached skill level 5 in Unarmed Combat
  6472 | D:6      | Reached skill level 5 in Fighting
  6632 | D:6      | Reached XP level 9. HP: 30/68 MP: 15/15
  6737 | D:6      | Found a runed translucent door.
  6739 | D:6      | Noticed Crazy Yiuf
  6744 | D:6      | Killed Crazy Yiuf
  6862 | D:7      | Noticed Pikel
  6879 | D:6      | Killed Pikel
  6880 | D:6      | Reached skill level 8 in Dodging
  7021 | D:7      | Reached skill level 1 in Long Blades
  7099 | D:7      | Found a sparkling altar of Nemelex Xobeh.
  7299 | D:7      | Identified the orb "Edofal" {*channel, -Tele rPois Regen+}
  7440 | D:7      | Found a staircase to the Ecumenical Temple.
  7612 | D:7      | Reached skill level 9 in Dodging
  7696 | D:7      | Reached XP level 10. HP: 78/79 MP: 13/16
  7801 | D:7      | Noticed a cyan ugly thing
  7801 | D:7      | Noticed a boulder beetle
  7802 | D:7      | Noticed a two-headed ogre
  7802 | D:7      | Noticed a two-headed ogre
  7962 | D:7      | Reached ** piety under Wu Jian
  8003 | D:7      | Killed a boulder beetle
  8004 | D:7      | Reached skill level 10 in Dodging
  8041 | D:7      | Killed a purple ugly thing
  8053 | D:7      | Killed a two-headed ogre
  8054 | D:7      | Reached skill level 1 in Armour
  8072 | D:7      | Killed a two-headed ogre
  8110 | D:7      | HP: 1/82 [something (11)]
  8166 | D:7      | Identified the ring "Pyli" {Wiz rElec Stlth+}
  8177 | D:7      | Identified the staff of poison "Olior" {rElec rPois rF++
                  | Dex-2}
  8343 | D:8      | Reached XP level 11. HP: 87/87 MP: 11/17
  8346 | D:8      | Reached skill level 11 in Dodging
  8423 | D:8      | Found a staircase to the Lair.
  8492 | D:8      | Found a stormy altar of Qazlal.
  8562 | D:8      | Found a basalt altar of Yredelemnul.
  9196 | D:8      | Reached skill level 1 in Evocations
  9244 | D:9      | Reached *** piety under Wu Jian
  9280 | D:9      | Got the Volume of Kindled Generation
  9294 | D:9      | Identified the +1 sling of Ephojam {elec, rF+ Stlth+}
  9920 | Lair:1   | Entered Level 1 of the Lair of Beasts
 10017 | Lair:1   | Reached skill level 1 in Ranged Weapons
 10062 | Lair:1   | Found a one-way gate to the infinite horrors of the Abyss.
 10064 | Lair:1   | Found a corrupted altar of Lugonu.
 10146 | Lair:1   | Found a frozen archway.
 10158 | Lair:1   | Reached skill level 12 in Dodging
 10158 | Lair:1   | Reached XP level 12. HP: 43/97 MP: 18/18
 10181 | IceCv    | Entered an ice cave
 10197 | IceCv    | Reached **** piety under Wu Jian
 10198 | IceCv    | Reached skill level 10 in Fighting
 10437 | IceCv    | Reached skill level 10 in Unarmed Combat
 10437 | IceCv    | Reached skill level 5 in Spellcasting
 10499 | IceCv    | Reached skill level 10 in Stealth
 10540 | IceCv    | Slain by an ice devil

Illustrated notes

Levels and vault maps discovered:
D:1:      lemuel_arrival_funnel, layout_basic, minmay_misc_feat_columns
D:2:      layout_basic, shapermc_ecumenical_altar_notcrosses,
          grunt_ministairs_2, uniq_natasha
D:3:      layout_basic, mainiacjoe_overflow_catch_the_wave
D:4:      layout_gridville, nicolae_gozag_seed_capital, amcnicky_altar_gilded,
          lemuel_round_altar, serial_shops, shop
D:5:      layout_basic, worldfamousw_hep_ancestral_shrine, elyvilon_altar_3,
          grunt_temple_overflow_open, grunt_decor_arrowhead
D:6:      layout_cave_pods, serial_bayou_crossing, uniq_crazy_yiuf_cottage,
          uniq_grinder, uniq_sigmund
D:7:      minmay_the_grid_triangle_9x9_rhombus_full
          [minmay_the_grid_triangle_9x9_intruding_spiral,
          minmay_the_grid_triangle_9x9_corruption,
          minmay_the_grid_triangle_9x9_cache,
          minmay_the_grid_triangle_9x9_empty,
          minmay_the_grid_triangle_9x9_semitri,
          minmay_the_grid_triangle_9x9_empty,
          minmay_the_grid_triangle_9x9_limited_checkers,
          minmay_the_grid_triangle_9x9_prize_center], layout_cave_pools,
          mainiacjoe_overflow_catwalk, temple_statues, uniq_pikel
D:8:      layout_loops_ring, nicolae_qazlal_scattered_showers,
          kennysheep_mini_moat, minmay_lair_entry_grove
D:9:      layout_long_grid
Lair:1:   layout_chaotic_city, portal_ice_cave_rime,
          amcnicky_altar_lugonu_corruption, grunt_megastairs_2, uniq_grum
IceCv:    ice_cave_tombish

Skill      XL: |  1  2  3  4  5  6  7  8  9 10 11 12 |
---------------+-------------------------------------+-----
Dodging        | 3 4 5 7 9 10 12 | 12.0
Transmutations | 3 4 5 6 |  6.6
Stealth        | 1 2 3 6 7 9 10 | 10.0
Poison Magic   | 1 |  1.0
Fighting       | 2 3 5 7 8 9 10 | 10.0
Spellcasting   | 3 4 5 |  5.2
Ice Magic      | 1 |  1.0
Unarmed Combat | 4 5 7 8 9 10 | 10.0
Long Blades    | 2 4 |  4.0
Armour         | 2 |  2.0
Evocations     | 2 3 |  3.8
Ranged Weapons | 1 2 |  2.0

Action                     |  1- 3 |  4- 6 |  7- 9 | 10-12 || total
---------------------------+-------+-------+-------+-------++-------
  Melee: Unarmed           |    77 |   108 |   188 |   248 ||   621
         Headbutt          |    11 |     9 |     3 |       ||    23
         Punch             |     1 |     1 |     3 |       ||     5
         Falchion          |       |       |    30 |   253 ||   283
         Sling             |       |       |     1 |       ||     1
   Fire: Sling             |       |       |     1 |    18 ||    19
   Cast: Beastly Appendage |    18 |    12 |     1 |       ||    31
         Spider Form       |     2 |     9 |    16 |     6 ||    33
         Wereblood         |     1 |     1 |     5 |     7 ||    14
         Ice Form          |       |     1 |     8 |    11 ||    20
         Scorch            |       |       |     6 |    11 ||    17
 Invoke: Serpent's Lash    |       |       |       |     1 ||     1
Ability: Lunge             |       |    10 |    19 |    32 ||    61
         Whirlwind         |       |       |     4 |    97 ||   101
         End Transformatio |       |       |     1 |     1 ||     2
         Wall Jump         |       |       |       |    29 ||    29
    Use: Scroll            |       |     6 |     7 |     7 ||    20
         Potion            |       |       |       |     4 ||     4
   Stab: Sleeping          |     4 |     3 |     2 |    16 ||    25
         Distracted        |       |       |     1 |     2 ||     3
 Armour: Robe              |    22 |    21 |     5 |       ||    48
         Skin              |     2 |    10 |    20 |    35 ||    67
         Steam dragon scal |       |       |    11 |    97 ||   108
  Dodge: Dodged            |    47 |    53 |   169 |   373 ||   642
